 Dungeon Crawl Stone Soup version 0.27.1-34-g3ba077fa99 (webtiles) character file.

Game seed: 13969047713984956898

6795 hawla the Cruncher (level 10, -20/74 HPs)
             Began as a Green Draconian Conjurer on Jan 20, 2022.
             Was a Believer of Vehumet.
             Demolished by a boulder beetle (25 damage)
             ... on level 11 of the Dungeon on Jan 22, 2022.
             The game lasted 00:46:51 (16470 turns).

hawla the Cruncher (Green Draconian Conjurer)      Turns: 16470, Time: 00:46:52

Health: -20/74     AC: 15    Str: 14    XL:     10   Next: 76%
Magic:  14/17      EV: 11    Int: 21    God:    Vehumet [**....]
Gold:   267        SH: 10    Dex: 10    Spells: 5/19 levels left

rFire    . . .     SeeInvis .   b - staff of death
rCold    . . .     Faith    .   r - +3 buckler
rNeg     + . .     Spirit   .   (armour unavailable)
rPois    +         Reflect  .   (helmet restricted)
rElec    .         Harm     .   t - +1 cloak
rCorr    .         Rampage  .   y - +2 pair of gloves of Inevitability {rPois Str+4 Slay+3}
Will     .....                  h - +2 pair of boots
Stlth    ++........             (no amulet)
HPRegen  0.22/turn              (no ring)
MPRegen  0.15/turn              (no ring)

@: unable to read, very slightly contaminated
A: breathe noxious fumes, AC +7, unfitting armour, poison resistance,
cold-blooded, antennae 1, large bone plates 1, inability to read while
threatened
a: Breathe Noxious Fumes, Renounce Religion


You were on level 11 of the Dungeon.
You worshipped Vehumet.
Vehumet was pleased with you.
You visited 2 branches of the dungeon, and saw 12 of its levels.

You collected 493 gold pieces.
You spent 226 gold pieces at shops.

Inventory:

Hand Weapons
 c - a +0 spear of protection
Missiles
 e - a throwing net
 j - 75 poisoned darts (quivered)
 k - 3 javelins
 u - 12 boomerangs
Armour
 h - a +2 pair of boots (worn)
 r - a +3 buckler (worn)
 t - a +1 cloak (worn)
 y - the +2 pair of gloves of Inevitability (worn) {rPois Str+4 Slay+3}
   (You found it on level 8 of the Dungeon)

   Str:       It affects your strength (+4).
   Slay:      It affects your accuracy & damage with ranged weapons and melee
   (+3).
   rPois:     It protects you from poison.
Magical Staves
 b - a staff of death (weapon)
 i - a staff of cold
Jewellery
 p - the ring "Juig" {rPois rF- rN++ Str+3}
   (You found it on level 11 of the Dungeon)

   [ring of poison resistance]

   Str:       It affects your strength (+3).
   rF:        It makes you vulnerable to fire.
   rPois:     It protects you from poison.
   rN:        It greatly protects you from negative energy.
Wands
 m - a wand of iceblast (10)
 w - a wand of paralysis (9)
Scrolls
 a - 3 scrolls of identify
 f - 2 scrolls of blinking
 l - 2 scrolls of teleportation
 n - a scroll of magic mapping
 o - 3 scrolls of fear
 x - a scroll of amnesia
 z - a scroll of silence {unknown}
 A - 2 scrolls of enchant weapon
Potions
 d - 2 potions of haste
 g - 2 potions of might
 q - 2 potions of brilliance
 C - a potion of cancellation
Miscellaneous
 v - a tin of tremorstones (2/2)


   Skills:
 + Level 2.4 Fighting
 - Level 12.0 Staves
 - Level 2.0 Dodging
 - Level 2.0 Stealth
 + Level 1.0 Shields
 - Level 5.0 Spellcasting
 - Level 5.0 Conjurations
 - Level 4.0 Necromancy
 - Level 5.0 Translocations
 - Level 2.0 Ice Magic
 - Level 5.0 Poison Magic
 - Level 3.0 Evocations


You had 5 spell levels left.
You knew the following spells:

 Your Spells              Type           Power      Damage    Failure   Level
a - Magic Dart            Conj           100%       1d8       1%          1
b - Searing Ray           Conj           52%        3d5       3%          2
c - Iskenderun's Mystic   Conj/Tloc      26%        2d7       21%         4
d - Vampiric Draining     Necr           16%        2d8       9%          3
e - Olgreb's Toxic Radia  Pois           26%        N/A       21%         4

Your spell library contained the following spells:

 Spells                   Type           Power      Damage    Failure   Level
 Sandblast                Erth           10%        2d5       16%         1
 Animate Skeleton         Necr           66%        N/A       3%          1
 Pain                     Necr           100%       1d9       3%          1
 Dazzling Flash           Conj/Hex       30%        N/A       17%         3
 Summon Guardian Golem    Hex/Summ       5%         N/A       43%         3
 Fulminant Prism          Conj/Hex       7%         3d7       50%         4
 Summon Lightning Spire   Summ/Air       5%         N/A       83%         4
 Orb of Destruction       Conj           13%        9d6       100%        7
 Ozocubu's Refrigeration  Ice            6%         4d6       100%        7
 Spellforged Servitor     Conj/Summ      7%         N/A       100%        7
 Storm Form               Tmut/Air       2%         N/A       100%        7
 Ignition                 Fire           2%         3d3       100%        8
 Maxwell's Capacitive Co  Air            2%         ∞         100%        8


Dungeon Overview and Level Annotations

Branches:
Dungeon (11/15)            Temple (1/1) D:7            Lair (0/6) D:9
    Orc: D:9-12

Altars:
Ashenzari
Cheibriados
Dithmenos
Elyvilon
Fedhas
Gozag
Hepliaklqana
Kikubaaqudgha
Makhleb
Nemelex Xobeh
Okawaru
Qazlal
Ru
Sif Muna
Trog
Uskayaw
Vehumet
Wu Jian
Xom
Yredelemnul
Zin
The Shining One
Beogh

Shops:
D:3 (   D:5 **   D:6 [   D:7 *   D:9 [?*

Annotations:
D:3 dig the loot


Innate Abilities, Weirdness & Mutations

You can breathe blasts of noxious fumes.
Your lurid green scales are hard. (AC +7)
You cannot fit into any form of body armour.
Your system is resistant to poisons. (rPois)
You are cold-blooded and may be slowed by cold attacks.
You have a pair of small antennae on your head.
You are partially covered in large bone plates. (SH +4)
You sometimes lose the ability to read scrolls when taking damage.


Message History

Casting: Vampiric Draining (dangerous; 9% risk of failure)
Confirm with . or Enter, or press ? or * to list all spells.
You erupt in a blast of force!
The mystic blast hits the boulder beetle but does no damage.
The boulder beetle is moderately wounded.
The acid dragon roars!
The boulder beetle bites you.
Casting: Iskenderun's Mystic Blast (dangerous; 21% risk of failure)
Confirm with . or Enter, or press ? or * to list all spells.
You erupt in a blast of force!
The mystic blast hits the boulder beetle but does no damage.
The boulder beetle is moderately wounded.
The boulder beetle bites you!! The acid dragon spits acid at you.
You block the splash of acid.
Casting: Iskenderun's Mystic Blast (dangerous; 21% risk of failure)
Confirm with . or Enter, or press ? or * to list all spells.
You miscast Iskenderun's Mystic Blast.
You are very lightly contaminated with residual magic.
Nothing appears to happen.
The boulder beetle bites you!!
You feel threatened and lose the ability to read scrolls!
You cannot read scrolls in your current state!
You feel better. The boulder beetle closely misses you.
You can read scrolls again.
The boulder beetle bites you!!
You feel threatened and lose the ability to read scrolls!
* * * LOW HITPOINT WARNING * * *
You see here a poisoned dart.
The acid dragon spits acid at you. The splash of acid hits you.
* * * LOW HITPOINT WARNING * * *
You are splashed with acid!
* * * LOW HITPOINT WARNING * * *
The boulder beetle curls into a ball and begins rolling!
Magic courses through your body.
Casting: Iskenderun's Mystic Blast (dangerous; 21% risk of failure)
Confirm with . or Enter, or press ? or * to list all spells.
You miscast Iskenderun's Mystic Blast.
Nothing appears to happen.
The boulder beetle hits you!!
You die...

#. .....# #.# ....#
#.##########...#
#..........#...#
###..........#...#
#............#...###
#............'......
#............#...###
####..@###.######...#..
#.....B###>............
#....(.°((.......####..
#..D.............# #..
#................## ###
#.................#
#.................#
#....#............##...
#....######........+...


You could see a boulder beetle (rolling, very poisoned) and an acid dragon
(catching breath).

Vanquished Creatures
  3 two-headed ogres
  A komodo dragon (D:9)
  A kobold demonologist (D:11)
  A hornet (D:9)
  Grinder (D:3)
  5 humans (D:8)
  A steam dragon (D:8)
  Duvessa (D:5)
  A water moccasin (D:7)
  2 ice beasts
  4 orc warriors
  2 sky beasts
  A necrophage (D:7)
  5 centaurs
  A phantom (D:4)
  A bullfrog (D:7)
  2 kobold brigands
  Dowan (D:5)
  The ghost of cbfl8 the Sneak, a weakling MiDe (D:6)
  5 killer bees (D:9)
  3 howler monkeys (D:8)
  2 centaur zombies
  A jelly (D:6)
  5 hounds
  3 orc priests
  A centaur skeleton (D:5)
  Jessica (D:3)
  2 iguanas
  5 orc wizards
  2 killer bee zombies
  A howler monkey zombie (D:9)
  6 gnolls (D:4)
  7 adders
  2 shadow imps
  4 white imps
  An ufetubus (D:4)
  5 worms
  3 dart slugs
  35 orcs
  3 ball pythons (D:2)
  8 bats
  7 endoplasms
  3 giant cockroaches
  10 goblins
  7 hobgoblins
  6 jackals
  A quokka (D:2)
  4 frilled lizards
  14 kobolds
  A rat (D:3)
193 creatures vanquished.

Vanquished Creatures (collateral kills)
  An orc warrior (D:6)
1 creature vanquished.

Vanquished Creatures (others)
  34 plants
34 creatures vanquished.

Grand Total: 228 creatures vanquished

Notes
Turn   | Place    | Note
-------+----------+-------------------------------------------
     0 | D:1      | hawla the Draconian Conjurer began the quest for the Orb.
     0 | D:1      | Reached XP level 1. HP: 14/14 MP: 3/3
    43 | D:1      | Found a faded altar of an unknown god.
   255 | D:1      | Reached XP level 2. HP: 22/22 MP: 3/5
   721 | D:1      | You fall into a shaft and drop 1 floor!
  1209 | D:1      | Learned a level 2 spell: Searing Ray
  1361 | D:2      | Reached skill level 1 in Fighting
  1406 | D:2      | Reached skill level 1 in Staves
  1409 | D:2      | Reached XP level 3. HP: 28/28 MP: 1/6
  1579 | D:2      | Reached skill level 1 in Translocations
  2372 | D:2      | Reached XP level 4. HP: 31/36 MP: 2/7
  2482 | D:2      | Learned a level 4 spell: Iskenderun's Mystic Blast
  3147 | D:3      | Noticed Jessica
  3152 | D:3      | Killed Jessica
  3234 | D:3      | Noticed Grinder
  3235 | D:3      | Reached XP level 5. HP: 41/41 MP: 9/9
  3244 | D:3      | Paralysed by Grinder for 6 turns
  3253 | D:3      | Paralysed by Grinder for 6 turns
  3276 | D:3      | Paralysed by Grinder for 3 turns
  3281 | D:3      | Paralysed by Grinder for 4 turns
  3295 | D:3      | Killed Grinder
  3296 | D:3      | Reached skill level 2 in Staves
  3296 | D:3      | Reached skill level 1 in Necromancy
  3296 | D:3      | Reached skill level 1 in Ice Magic
  3296 | D:3      | Reached skill level 1 in Evocations
  3296 | D:3      | Reached XP level 6. HP: 20/48 MP: 0/10
  3587 | D:3      | Found Effaun's Weapon Shop.
  4221 | D:3      | Found a hide-covered altar of Uskayaw.
  5114 | D:4      | Reached skill level 3 in Staves
  5114 | D:4      | Your scales start taking on a lurid green colour.
  5114 | D:4      | Reached XP level 7. HP: 36/55 MP: 4/12
  5114 | D:4      | Gained mutation: Your system is resistant to poisons.
                  | (rPois) [Green Draconian growth]
  5456 | D:4      | Found a shimmering blue altar of Sif Muna.
  5864 | D:5      | Entered Level 5 of the Dungeon
  5898 | D:5      | Noticed Duvessa
  5905 | D:5      | Noticed Dowan
  6032 | D:5      | Killed Duvessa
  6261 | D:5      | Found Xaus Ryu's General Store.
  6265 | D:5      | Found Duryseir's Specific Store.
  6630 | D:5      | Reached skill level 4 in Staves
  6926 | D:5      | Killed Dowan
  7165 | D:5      | Reached skill level 5 in Staves
  7165 | D:5      | Reached XP level 8. HP: 51/61 MP: 2/14
  7646 | D:6      | Reached skill level 6 in Staves
  8159 | D:6      | Reached skill level 7 in Staves
  8326 | D:6      | Found Qumecef's Antique Armour Shoppe.
  8329 | D:6      | Bought a shiny buckler for 142 gold pieces
  8384 | D:6      | Found a runed translucent gate.
  8384 | D:6      | Found a runed translucent gate.
  8385 | D:6      | Found a runed translucent gate.
  8387 | D:6      | Noticed cbfl8's ghost (weakling MiDe)
  8387 | D:6      | Identified the +0 plate armour of the Gardener {rN+ Will+
                  | Regen+ Int+5}
  8723 | D:7      | Found a staircase to the Ecumenical Temple.
  8751 | Temple   | Entered the Ecumenical Temple
  9001 | Temple   | Became a worshipper of Vehumet
  9296 | D:7      | Reached skill level 8 in Staves
  9659 | D:7      | Found Qouphegg's General Store.
  9837 | D:7      | Reached skill level 9 in Staves
 10193 | D:7      | Reached XP level 9. HP: 66/66 MP: 10/15
 10276 | D:7      | Learned a level 3 spell: Vampiric Draining
 10437 | D:8      | Learned a level 4 spell: Olgreb's Toxic Radiance
 10495 | D:8      | Reached skill level 1 in Poison Magic
 10671 | D:8      | Found a burning altar of Makhleb.
 10718 | D:8      | Identified the +2 pair of gloves of Inevitability {rPois
                  | Str+4 Slay+3}
 10875 | D:8      | Reached * piety under Vehumet
 10875 | D:8      | Offered knowledge of Freeze by Vehumet.
 10876 | D:8      | Reached skill level 10 in Staves
 11666 | D:8      | Found an iron altar of Okawaru.
 12151 | D:8      | Noticed a two-headed ogre
 12580 | D:9      | Gained mutation: You sometimes lose the ability to read
                  | scrolls when taking damage. [potion of mutation]
 12580 | D:9      | Gained mutation: You have a pair of small antennae on your
                  | head. [potion of mutation]
 12580 | D:9      | Gained mutation: You are partially covered in large bone
                  | plates. (SH +4) [potion of mutation]
 12744 | D:9      | Found Puekhlisa's Magic Scroll Boutique.
 12855 | D:9      | Found Ineh's General Store.
 12863 | D:9      | Bought a scroll of magic mapping for 42 gold pieces
 12863 | D:9      | Bought a scroll of fear for 42 gold pieces
 12961 | D:9      | Found Loapp's Armour Boutique.
 12998 | D:9      | Noticed a two-headed ogre
 13018 | D:9      | Killed a two-headed ogre
 13019 | D:9      | Reached skill level 5 in Poison Magic
 13019 | D:9      | Reached XP level 10. HP: 10/73 MP: 1/16
 13483 | D:6      | Killed cbfl8's ghost
 13486 | D:6      | Reached skill level 5 in Conjurations
 13486 | D:6      | Reached skill level 5 in Translocations
 13525 | D:6      | Identified the -5 pair of boots of Miecsub {Will+ Dex+4
                  | Stlth+}
 14072 | D:9      | Noticed a two-headed ogre
 14129 | D:9      | Killed a two-headed ogre
 14130 | D:9      | Reached skill level 11 in Staves
 14382 | D:9      | Found a staircase to the Lair.
 14715 | D:10     | Entered Level 10 of the Dungeon
 15375 | D:10     | Reached ** piety under Vehumet
 15539 | D:10     | Noticed a vault guard
 15862 | D:11     | Identified the ring "Juig" {rPois rF- rN++ Str+3}
 15892 | D:11     | Noticed a rust devil
 15896 | D:11     | Offered knowledge of Sandblast by Vehumet.
 15897 | D:11     | Reached skill level 12 in Staves
 16242 | D:11     | Noticed a two-headed ogre
 16262 | D:11     | Killed a two-headed ogre
 16263 | D:11     | Reached skill level 5 in Spellcasting
 16263 | D:11     | Reached skill level 1 in Shields
 16454 | D:11     | Noticed a boulder beetle
 16470 | D:11     | Demolished by a boulder beetle

Illustrated notes

Levels and vault maps discovered:
D:1:      giann_horns, layout_rooms, shapermc_ecumenical_altar_mp_highgroup,
          minivault_23, minivault_11, chequers_hall_statues_y
D:2:      layout_basic, ebering_dispersal_statue_hall, minmay_misc_feat_encased,
          st_stairs_3, kennysheep_generic_room_12
D:3:      layout_basic, lemuel_crystal_altar, serial_forest,
          infiniplex_forest_lined_corner, infiniplex_forest_clump_double,
          infiniplex_forest_lined_room_2, infiniplex_forest_end_3,
          infiniplex_forest_lined_2, infiniplex_forest_straight_2,
          infiniplex_forest_clump_C, infiniplex_forest_straight_3,
          infiniplex_forest_end_double, serial_shops, nicolae_shop_statue_plus,
          st_stairs_12, kennysheep_nub, serial_bayou_lagoon_a,
          due_unseen_surprise, uniq_jessica, uniq_grinder
D:4:      layout_basic, nicolae_sif_muna_little_library, minmay_goblin_outpost
D:5:      layout_basic, serial_curves, eino_curves_02, eino_curves_04,
          nicolae_specific_store, uniq_duvessa
D:6:      layout_loops_ring, serial_shops, kennysheep_mini,
          biasface_ghost_orc_armoury
D:7:      layout_basic, minmay_temple_entry_statues, serial_shops, shop,
          chequers_serial_rivers_micro_e
D:8:      layout_loops_ring, nicolae_overflow_hidden_temple,
          mainiacjoe_overflow_boulevard, serial_aquarium,
          aquarium_bridge_straight [aquarium_subvault_bridge,
          aquarium_subvault_window, aquarium_subvault_bridge,
          aquarium_subvault_window], aquarium_window_2, aquarium_window_corner,
          aquarium_window_fake, aquarium_view_2d, minmay_ruffians
D:9:      layout_stronghold, david_lair_shrubbed, serial_shops,
          nicolae_shop_statue_plus, nicolae_take_the_stairs, shop
D:10:     layout_gridville, enter_trove_5
D:11:     layout_basic, nicolae_uskayaw_dance_studio
Temple:   dpeg_five_rooms_temple

Skill      XL: |  1  2  3  4  5  6  7  8  9 10 |
---------------+-------------------------------+-----
Stealth        | 2 |  2.0
Dodging        | 2 |  2.0
Fighting       | 1 2 |  2.4
Staves         | 1 2 3 5 9 10 12 | 12.0
Translocations | 1 2 3 4 5 |  5.0
Spellcasting   | 3 4 5 |  5.0
Necromancy     | 1 2 3 4 |  4.0
Ice Magic      | 1 2 |  2.0
Evocations     | 1 2 3 |  3.0
Poison Magic   | 5 |  5.0
Conjurations   | 5 |  5.0
Shields        | 1 |  1.0

Action                   |  1- 3 |  4- 6 |  7- 9 | 10-12 || total
-------------------------+-------+-------+-------+-------++-------
Melee: Unarmed           |    12 |       |       |       ||    12
       Tailslap          |     3 |     7 |    14 |     4 ||    28
       Whip              |    53 |       |       |       ||    53
       Staff             |     2 |    61 |   180 |    17 ||   260
       Spear             |       |    24 |       |       ||    24
Throw: Dart              |       |    13 |     3 |     8 ||    24
 Cast: Magic Dart        |    26 |    23 |    10 |     4 ||    63
       Searing Ray       |    11 |    32 |    73 |    23 ||   139
       Iskenderun's Myst |       |     5 |    16 |    14 ||    35
       Vampiric Draining |       |       |     7 |     2 ||     9
Evoke: Wand              |       |       |     2 |     1 ||     3
  Use: Potion            |     2 |     1 |     7 |     6 ||    16
       Scroll            |     2 |     6 |    10 |     4 ||    22
 Stab: Sleeping          |     1 |       |       |       ||     1
Armor: Skin              |    51 |    47 |   139 |    16 ||   253
Dodge: Dodged            |   107 |    95 |   190 |    20 ||   412
Block: Buckler           |       |       |    66 |    48 ||   114
